 Dungeon Crawl Stone Soup version 0.32-a0-768-g0f6f1dd4b9 (webtiles) character file.

Game seed: 14125734543573128436

2531 lunkers the Cleaver (level 9, 0/63 HPs)
             Began as a Coglin Berserker on Mar 18, 2024.
             Was an Elder of Trog.
             Slain by an orc warrior
             ... wielding a +0 broad axe
              (13 damage)
             ... in a bailey.
             The game lasted 00:06:41 (5280 turns).

lunkers the Cleaver (Coglin Berserker)              Turns: 5280, Time: 00:06:42

Health: 0/63       AC: 12    Str: 22    XL:     9   Next: 55%
Magic:  9/9        EV:  8    Int:  6    God:    Trog [****..]
Gold:   296        SH:  0    Dex: 14    Spells: 8/8 levels left

rFire   . . .        b - +0 war axe {Raúl}
rCold   . . .        m - +2 mace (drain) {Jingyi}
rNeg    . . .        g - +2 chain mail {rPois}
rPois   +            w - +0 helmet
rElec   .            (no cloak)
rCorr   .            q - +0 pair of gloves
SInv    .            (no boots)
Will    ++...        (amulet unavailable) Stlth
                     (ring unavailable)
HPRegen 1.30/turn    (ring unavailable)
MPRegen 0.11/turn    (no gizmo)

%: no passive effects
@: strong-willed, on berserk cooldown, regenerating, slowed, revving, very slow
A: off-hand wielding, slow wielding, warmup strikes, no jewellery
a: Invent Gizmo, Renounce Religion, Berserk, Trog's Hand, Brothers in Arms


You were in a bailey.
You worshipped Trog.
Trog was greatly pleased with you.
You visited 1 branch of the dungeon, and saw 7 of its levels.
You also visited: Bailey.

You collected 296 gold pieces.

Inventory:

Hand Weapons
 a - a +1 hand axe {Bonhwa}
 b - a +0 war axe (weapon) {Raúl}
 m - a +2 mace of draining (offhand) {Jingyi}
Missiles
 d - 7 boomerangs (quivered)
Armour
 g - a +2 chain mail of poison resistance (worn)
 q - a +0 pair of gloves (worn)
 w - a +0 helmet (worn)
Scrolls
 e - 2 scrolls of enchant weapon
 f - 2 scrolls of teleportation
 i - a scroll of poison
 o - a scroll of vulnerability
 r - a scroll of immolation
 u - 2 scrolls of revelation
Potions
 c - a potion of cancellation {unknown}
 h - a potion of berserk rage
 j - a potion of brilliance
 k - 2 potions of enlightenment
 p - 2 potions of heal wounds
 s - a potion of lignification
 t - a potion of curing
 v - a potion of attraction


   Skills:
 - Level 3.0 Fighting
 + Level 12.9 Axes
 - Level 1.7 Armour
 - Level 1.7 Dodging


You had 8 spell levels left.
You didn't know any spells.
Your spell library was empty.

Dungeon Overview and Level Annotations

Branches:
Dungeon (7/15)             Temple (0/1) D:6          Bailey (1/1)

Altars:
Gozag
Makhleb
Sif Muna
Trog

Portals:
Abyss: D:5


Innate Abilities, Weirdness & Mutations

You can wield a second weapon in your off-hand.
It takes a long time for you to wield or remove held weapons.
Your first few attacks do less damage.
You cannot equip rings or amulets.


Message History

You hit the kobold with your +0 war axe.
You kill the kobold!
Trog accepts your kill.
You barely miss the kobold brigand with your +0 war axe.
The kobold brigand barely misses you.
Unknown command.
The kobold brigand hits you but does no damage.
Items here: (( ) †††.
Unknown command.
You feel a strong urge to attack something.
The kobold brigand hits you with a +0 war axe.
* * * LOW HITPOINT WARNING * * *
Items here: (( ) †.
You sock the kobold brigand with your +2 mace of draining!
You kill the kobold brigand!
Trog accepts your kill.
You are no longer berserk.
You are exhausted.
You feel as though you will be slow longer.
An orc warrior comes into view. It is wielding a +0 broad axe.
Things that are here:
a +0 war axe; 5 poisoned darts; a kobold corpse The orc warrior shouts!
Things that are here:
2 boomerangs; a kobold corpse
There is an open gate here.
You see here a kobold corpse.
Things that are here:
a kobold corpse; a kobold corpse The orc warrior hits you with a +0 broad axe.
* * * LOW HITPOINT WARNING * * *
Your skin crawls.
You feel strong-willed.
The orc warrior hits you with a +0 broad axe!
* * * LOW HITPOINT WARNING * * *
Unknown command.
You hit the orc warrior but do no damage.
You barely miss the orc warrior with your +0 war axe.
The orc warrior hits you with a +0 broad axe!
You die...

#~.......~#
#...# #...#
#.()# #.)(#
##'††##
##..∩†.##
#....o..#
#...∩@..#
##.....##
#######


You could see an orc warrior.

Vanquished Creatures
  Grinder (D:5)
  Prince Ribbit (D:5)
  Eustachio (D:4)
  2 small abominations (D:5)
  The ghost of hecktor the Changeling, an amateur OpSh (D:5)
  A water moccasin (D:7)
  2 black bears (D:5)
  A sky beast (D:7)
  An ice beast (D:6)
  An orc warrior (D:6)
  2 phantoms
  3 kobold brigands (Bailey)
  A scorpion (D:5)
  2 electric eels (D:6)
  A howler monkey (D:7)
  A bombardier beetle (D:6)
  A quasit (D:5)
  3 hounds
  A jelly (D:5)
  5 iguanas
  Terence (D:3)
  Robin (D:4)
  11 adders
  2 white imps
  2 ufetubi (D:6)
  A dart slug (D:1)
  A ribbon worm (D:3)
  7 orcs
  7 bats
  8 endoplasms
  5 giant cockroaches
  18 goblins
  10 hobgoblins
  3 jackals (D:2)
  5 quokkas
  10 ball pythons
  6 frilled lizards
  19 kobolds
  3 rats
152 creatures vanquished.

Vanquished Creatures (others)
  2 orcs (D:6)
2 creatures vanquished.

Grand Total: 154 creatures vanquished

Notes
Turn   | Place    | Note
-------+----------+-------------------------------------------
     0 | D:1      | lunkers the Coglin Berserker began the quest for the Orb.
     0 | D:1      | Reached XP level 1. HP: 18/18 MP: 1/1
   226 | D:1      | Reached XP level 2. HP: 24/24 MP: 2/2
   424 | D:1      | Reached skill level 4 in Axes
   511 | D:1      | Reached XP level 3. HP: 25/29 MP: 3/3
   573 | D:1      | Found a faded altar of an unknown god.
   750 | D:2      | Reached ** piety under Trog
  1157 | D:2      | Reached XP level 4. HP: 35/35 MP: 4/4
  1459 | D:3      | Reached skill level 5 in Axes
  1663 | D:3      | Reached *** piety under Trog
  1961 | D:3      | Noticed Terence
  1970 | D:3      | Killed Terence
  1971 | D:3      | Reached XP level 5. HP: 36/41 MP: 5/5
  2376 | D:4      | Noticed Robin
  2392 | D:4      | Killed Robin
  2393 | D:4      | Reached skill level 6 in Axes
  2732 | D:4      | Noticed Eustachio
  2749 | D:4      | Killed Eustachio
  2750 | D:4      | Reached skill level 7 in Axes
  2750 | D:4      | Reached XP level 6. HP: 38/47 MP: 6/6
  2909 | D:5      | Entered Level 5 of the Dungeon
  2916 | D:5      | Reached XP level 7. HP: 48/52 MP: 7/7
  2968 | D:5      | Noticed a small abomination
  2978 | D:5      | Reached skill level 8 in Axes
  3069 | D:5      | Noticed Grinder
  3082 | D:5      | Killed Grinder
  3082 | D:5      | Reached **** piety under Trog
  3083 | D:5      | Reached skill level 9 in Axes
  3224 | D:5      | Noticed Prince Ribbit
  3237 | D:5      | Killed Prince Ribbit
  3238 | D:5      | Reached XP level 8. HP: 34/58 MP: 8/8
  3410 | D:5      | Reached skill level 10 in Axes
  3449 | D:5      | Found a one-way gate to the infinite horrors of the Abyss.
  3449 | D:5      | Noticed hecktor's ghost (amateur OpSh)
  3474 | D:5      | Found a transporter.
  3481 | D:5      | Found a transporter.
  3739 | D:5      | Killed a small abomination
  3747 | D:5      | Killed hecktor's ghost
  3748 | D:5      | Reached skill level 11 in Axes
  3907 | D:6      | Found a staircase to the Ecumenical Temple.
  4100 | D:6      | Found a burning altar of Makhleb.
  4132 | D:6      | Reached XP level 9. HP: 44/63 MP: 9/9
  4138 | D:6      | Reached skill level 12 in Axes
  4467 | D:6      | Found a shimmering blue altar of Sif Muna.
  5037 | D:7      | Found a bloodstained altar of Trog.
  5044 | D:7      | Found an opulent altar of Gozag.
  5202 | D:7      | Found a flagged portal.
  5219 | Bailey   | Entered a bailey
  5280 | Bailey   | Slain by an orc warrior

Illustrated notes

Levels and vault maps discovered:
D:1:      psy_arrival_conway, layout_loops_ring,
          ebering_ecumenical_altar_petrified
D:2:      layout_loops_ring, minmay_pentomino_p4
D:3:      minmay_diamond_boxcup, layout_loops_ring,
          chequers_serial_rivers_marsh, kennysheep_doodads, uniq_terence
D:4:      layout_loops_ring, grunt_ministairs_14, kennysheep_another_room,
          uniq_eustachio, uniq_robin
D:5:      layout_rooms, gammafunk_ghost_abyssal_escape, uniq_prince_ribbit1,
          uniq_grinder
D:6:      layout_loops_corners, minmay_temple_entry_crystal_x, serial_bayou,
          serial_bayou_shore_b, serial_bayou_pond_e, serial_bayou_lake_a,
          serial_bayou_ford_a, hangedman_feature_mirror
D:7:      layout_loops_ring, slow_altar_1, jmf_multi_god_temple2,
          enter_bailey_4, kennysheep_cluttered_room
Bailey:   bailey_axe_3, bailey

Skill      XL: |  1  2  3  4  5  6  7  8  9 |
---------------+----------------------------+-----
Axes           | 4 5 7 9 11 12 | 12.9
Fighting       | |  3.0
Armour         | |  1.7
Dodging        | |  1.7

Action                     |  1- 3 |  4- 6 |  7- 9 || total
---------------------------+-------+-------+-------++-------
  Melee: Hand axe          |    70 |    99 |   103 ||   272
         Dagger            |    60 |       |       ||    60
         Mace              |       |   102 |   146 ||   248
         War axe           |       |       |    38 ||    38
  Throw: Boomerang         |       |       |     4 ||     4
 Invoke: Berserk           |       |       |     4 ||     4
         Trog's Hand       |       |       |     1 ||     1
    Use: Scroll            |     1 |       |    17 ||    18
   Stab: Sleeping          |     1 |       |       ||     1
 Armour: Chain mail        |    55 |    74 |   143 ||   272
         Animal skin       |     2 |       |       ||     2
  Dodge: Dodged            |    18 |    36 |    51 ||   105

Table legend: (Time is in decaauts)
 A = Elapsed time spent in this place.
 B = Non-inter-level travel time spent in this place.
 C = Inter-level travel time spent in this place.
 D = Time resting spent in this place.
 E = Time spent auto-exploring this place.
 F = Levels seen in this place.
 G = Mean time per level.
                   A        B        C        D        E       F      G
               +--------+--------+--------+--------+--------+-----+--------+
         Total |   5381 |   5180 |    201 |     80 |   4073 |   8 |  672.6 |
       Dungeon |   5314 |   5113 |    201 |     80 |   4068 |   7 |  759.1 |
        Bailey |     67 |     67 |      0 |      0 |      5 |   1 |   67.0 |
               +--------+--------+--------+--------+--------+-----+--------+

Top non-repeatable levels by time:
     D:6: 1209 daAuts
     D:5: 925 daAuts
     D:3: 803 daAuts
     D:1: 727 daAuts
     D:2: 702 daAuts
     D:4: 697 daAuts
     D:7: 247 daAuts
  Bailey: 67 daAuts
